 Dungeon Crawl Stone Soup version bcrawl-1.27.6 (webtiles) character file.

Game seed: 15023136754588097736

208632 Faustar the Skirmisher (level 6, 0/41 HPs)
             Began as a Gargoyle Berserker on Sept 19, 2020.
             Was a Believer of Trog.
             Slain by a centaur skeleton (6 damage)
             ... on level 4 of the Dungeon.
             The game lasted 00:02:30 (2589 turns).

Faustar the Skirmisher (Gargoyle Berserker)         Turns: 2589, Time: 00:02:31

Health: 0/41       AC:  6    Str: 23    XL:     6   Next: 60%
Magic:  6/6        EV: 12    Int:  7    God:    Trog [**....]
Gold:   321        SH:  0    Dex:  9    Spells: 5/5 levels left

rFire    . . .     SeeInvis .   a - +0 mace
rCold    . . .     Gourm    .   (no shield)
rNeg     + . .     Faith    .   b - +0 animal skin
rPois    ∞         Spirit   .   (no helmet)
rElec    +         Reflect  .   (no cloak)
rCorr    .         Harm     .   (no gloves)
MR       .....                  (no boots)
Stlth    +.........             (no amulet)
HPRegen  0.13/turn              (no ring)
MPRegen  0.10/turn              (no ring)

@: berserk cooldown, slowed, very slow
A: negative energy resistance 1, electricity resistance, unbreathing,
petrification resistance, rot immunity, AC +4
a: Berserk, Trog's Hand, Renounce Religion


You were on level 4 of the Dungeon.
You worshipped Trog.
Trog was pleased with you.
You were not hungry.

You visited 1 branch of the dungeon, and saw 4 of its levels.

You collected 321 gold pieces.

Inventory:

Hand Weapons
 a - a +0 mace (weapon)
Armour
 b - a +0 animal skin (worn)
 p - a cursed +0 helmet
Jewellery
 n - an uncursed ring of insulation {unknown}
 o - an uncursed ring of poison resistance {unknown}
Scrolls
 c - 7 scrolls of identify
 d - 2 scrolls of teleportation {unknown}
 f - 2 scrolls of magic mapping {unknown}
 h - a scroll of blinking {unknown}
 j - a scroll of enchant weapon {unknown}
 l - a scroll of remove curse {unknown}
 m - a scroll of fog {unknown}
 s - a scroll of immolation {unknown}
 w - a scroll of enchant armour {unknown}
Potions
 g - a potion of magic {unknown}
 i - a potion of haste {unknown}
 k - a potion of berserk rage {unknown}
 q - a potion of flight {unknown}
 r - a potion of degeneration {unknown}
 t - a potion of brilliance {unknown}
 u - a potion of heal wounds {unknown}
Comestibles
 e - 9 rations {!d}


   Skills:
 + Level 6.0 Fighting
 + Level 5.5 Maces & Flails
 - Level 2.1 Armour
 - Level 1.5 Dodging


You had 5 spell levels left.
You didn't know any spells.
Your spell library was empty.

Dungeon Overview and Level Annotations

Branches:
Dungeon (4/12)             Temple (0/1) D:4

Altars:
Kikubaaqudgha
Nemelex Xobeh
Uskayaw


Innate Abilities, Weirdness & Mutations

You are resistant to torment.
Your stone body is resilient. (AC +4)
You are immune to poison.
You resist negative energy. (rN+)
You are resistant to electric shocks. (rElec)
You can survive without breathing.
You are immune to petrification.
You are immune to rotting.


Message History

You sock the iguana!
You kill the iguana!
Trog accepts your kill.
Your Fighting skill increases to level 6!
You start resting.
Eating a chunk of flesh.
You eat the chunk of flesh.
This raw flesh tastes terrible.
You feel a strong urge to attack something.
You start resting.
You feel your anger nearly subside.
You are no longer berserk.
You are exhausted.
You feel yourself slow down.
You start resting.
A centaur skeleton comes into view.
A centaur skeleton is nearby!
A centaur skeleton is nearby!
You aren't carrying any items that you can evoke.
The centaur skeleton hits you.
* * * LOW HITPOINT WARNING * * *
The centaur skeleton hits you.
You die...

#.....###.#
###.#.......####
##..............
..........#..######
..>.......).......#
.##....##..####.##
##.#.##....##..#
#.#.##..#.###.##
#@Z............#
#..#.#.#.#.#...##
#..#.#.#.#.#.#..#
...#.#.#.#.#.##.##
#..#.# #.#.#.##...
#..#.#.#.#.#.###..
##...........# #.#
####.##)#### #..
#....# ###.


You could see a centaur skeleton.

Vanquished Creatures
  An ogre (D:3)
  2 vampire bats (D:2)
  A howler monkey (D:3)
  2 iguanas (D:4)
  2 adders
  3 worms
  5 dart slugs
  3 leopard geckos
  An orc (D:4)
  5 bats
  3 bat skeletons (D:2)
  2 bat zombies (D:2)
  A giant cockroach (D:1)
  4 goblins
  7 hobgoblins
  3 jackals
  3 kobolds
  A quokka (D:4)
  2 frilled lizards
  4 rats
55 creatures vanquished.

Notes
Turn   | Place    | Note
-------+----------+-------------------------------------------
     0 | D:1      | Faustar the Gargoyle Berserker began the quest for the Orb.
     0 | D:1      | Reached XP level 1. HP: 14/14 MP: 1/1
   132 | D:1      | Reached XP level 2. HP: 17/19 MP: 2/2
   630 | D:1      | Reached skill level 4 in Fighting
   630 | D:1      | Reached XP level 3. HP: 23/24 MP: 3/3
  1233 | D:2      | Reached ** piety under Trog
  1409 | D:2      | Reached XP level 4. HP: 28/30 MP: 4/4
  1424 | D:2      | Found an ancient bone altar of Kikubaaqudgha.
  1428 | D:2      | Reached skill level 5 in Fighting
  1428 | D:2      | Reached XP level 5. HP: 32/35 MP: 5/5
  1860 | D:3      | Noticed an ogre
  1867 | D:3      | Killed an ogre
  1867 | D:3      | Reached skill level 5 in Maces & Flails
  1867 | D:3      | Reached XP level 6. HP: 40/40 MP: 6/6
  2134 | D:3      | Found a sparkling altar of Nemelex Xobeh.
  2452 | D:4      | Found a hide-covered altar of Uskayaw.
  2532 | D:4      | Found a staircase to the Ecumenical Temple.
  2580 | D:4      | Reached skill level 6 in Fighting
  2589 | D:4      | Slain by a centaur skeleton

Skill      XL: |  1  2  3  4  5  6 |
---------------+-------------------+-----
Fighting       | 4 5 6 |  6.0
Maces & Flails | 4 5 |  5.5
Armour         | |  2.1
Dodging        | |  1.5

Action                   |  1- 3 |  4- 6 || total
-------------------------+-------+-------++-------
Melee: Mace              |   102 |    78 ||   180
Invok: Berserk           |     2 |     2 ||     4
 Stab: Distracted        |     1 |       ||     1
  Eat: Chunk             |     6 |     8 ||    14
Armor: Animal skin       |    28 |    40 ||    68
Dodge: Dodged            |    87 |    58 ||   145
